AoeStats
← | ArCas | Toruk Makto

Oasis

508514112Analyzed
4v4 RM · 8d ago on Sep 22, 2026· 19m 14s· 8 players
Game mode
Random Map
Map size
Large (8 player)
Population
200
Speed
Normal
Resources
Standard
Victory
Conquest
Starting age
Dark Age
Ending age
Imperial Age
RankedLock teamsTeams togetherTeam positionsShared explorationLock speedFull tech treeHidden civsTurbo modeCheats
Victory
Defeat
🇨🇴 Random · Colombia
1582
+8
🇲🇽 Random · Mexico
1493
+11
🇲🇽 Turks · Mexico
1383
+15
🇲🇽 Sicilians · Mexico
1306
+18
🇬🇷 Magyars · Greece
1399
-14
🇷🇴 Huns · Romania
1388
-14
🇸🇪 Saracens · Sweden
1384
-13
🇦🇷 Berbers · Argentina
1333
-11
Mowgli
1:40 Loom
9:24 Feudal Age
10:55 Double-Bit Axe
| ArCas | Toruk Makto
6:22 Loom
8:58 Feudal Age
9:29 Double-Bit Axe
19:52 Castle Age
18:11 Forging
19:05 Bloodlines
Zzulu
9:35 Loom
12:19 Feudal Age
16:49 Castle Age
15:04 Double-Bit Axe
Dread Slayer
8:49 Loom
10:56 Feudal Age
11:42 Horse Collar
11:50 Double-Bit Axe
16:03 Wheelbarrow
16:54 Scale Barding Armor
18:58 Bloodlines
[GDL] MancazoPaTodo!
5:30 Loom
8:52 Feudal Age
9:47 Double-Bit Axe
13:08 Bloodlines
13:51 Horse Collar
[GDL] Faraon
6:11 Loom
10:19 Feudal Age
16:20 Castle Age
16:08 Scale Mail Armor
16:19 Forging
[GDL]Cucumber
9:59 Feudal Age
14:56 Castle Age
13:14 Double-Bit Axe
14:56 Scale Barding Armor
15:55 Loom
[GDL] Capitan Nicky
6:13 Loom
8:50 Feudal Age
13:58 Town Watch
15:00 Fletching
16:34 Double-Bit Axe
Connection lost

Rejoining the realm…

Still unreachable

The connection could not be restored.

Session expired

The server has moved on; the page needs a fresh start.